 Dungeon Crawl Stone Soup version 0.22-a0-439-gac93bac (webtiles) character file.

70 tilp the Chiller (level 4, 0/30 HPs)
             Began as a Merfolk Ice Elementalist on May 29, 2018.
             Slain by a shadow imp (4 damage)
             ... on level 2 of the Dungeon.
             The game lasted 00:06:41 (2467 turns).

tilp the Chiller (Merfolk Ice Elementalist)         Turns: 2467, Time: 00:06:50

Health: 0/30       AC:  6    Str:  8    XL:     4   Next: 21%
Magic:  0/7        EV: 13    Int: 15    God:
Gold:   91         SH:  0    Dex: 14    Spells: 1/7 levels left

rFire    . . .     SeeInvis .   a - +0 whip
rCold    . . .     Gourm    .   (no shield)
rNeg     . . .     Faith    .   e - +0 robe
rPois    .         Spirit   .   k - +0 helmet
rElec    .         Reflect  .   j - +0 cloak
rCorr    .         Harm     .   g - +1 pair of gloves
MR       .....                  (no boots)
Stlth    ++........             (no amulet)
HPRegen  0.10/turn              (no ring)
MPRegen  0.10/turn              (no ring)

@: no status effects
A: change form in water, swift swim, stealthy swim
a: no special abilities


You were on level 2 of the Dungeon.
You were not hungry.

You visited 1 branch of the dungeon, and saw 2 of its levels.

You collected 91 gold pieces.

Inventory:

Hand Weapons
 a - a +0 whip (weapon)
 b - a +0 hunting sling
 i - a +0 dagger
 s - a +0 spear
 u - a +0 halberd
Missiles
 h - 55 stones (quivered)
 n - 16 sling bullets
Armour
 e - a +0 robe (worn)
 g - a +1 pair of gloves (worn)
 j - a +0 cloak (worn)
 k - a +0 helmet (worn)
Jewellery
 d - a +4 ring of dexterity {unknown}
Scrolls
 f - 5 scrolls of identify {unknown}
 m - a scroll of immolation {unknown}
Potions
 l - a potion of degeneration {unknown}
 o - a potion of brilliance {unknown}
 p - a potion of heal wounds {unknown}
 q - a potion of lignification {unknown}
 r - a potion of ambrosia {unknown}
Comestibles
 c - 4 rations
 t - 3 chunks of flesh


   Skills:
 - Level 2.6 Dodging
 - Level 2.1 Stealth
 - Level 2.0 Spellcasting
 - Level 0.7 Conjurations
 + Level 5.4 Ice Magic


You had one spell level left.
You knew the following spells:

 Your Spells              Type           Power        Failure   Level  Hunger
a - Freeze                Ice            ###.         2%          1    #......
b - Throw Frost           Conj/Ice       ##....       10%         2    ###....
c - Ozocubu's Armour      Chrm/Ice       #.......     22%         3    ###....

Your spell library contained the following spells:

 Spells                   Type           Power        Failure   Level  Hunger
 Summon Ice Beast         Ice/Summ       #.......     58%         4    #####..
 Throw Icicle             Conj/Ice       ##......     52%         4    #####..


Dungeon Overview and Level Annotations

Branches:
Dungeon (2/15)

Altars:


Message History

The shadow imp is moderately wounded.
The shadow imp closely misses you.
Casting: Freeze (safe; 2% risk of failure)
Confirm with . or Enter, or press ? or * to list all spells.
Aiming: Freeze (safe; 2% risk of failure)
Press: ? - help, Shift-Dir - straight line, f/p - shadow imp
Aim: a shadow imp (moderately wounded)
You freeze the shadow imp.
The shadow imp resists.
The shadow imp is heavily wounded.
The shadow imp closely misses you.
You barely miss the shadow imp.
The shadow imp is heavily wounded.
The shadow imp hits you but does no damage.
The shadow imp gestures at you. Pain shoots through your body!
* * * LOW HITPOINT WARNING * * *
You hit the shadow imp.
The shadow imp is severely wounded.
The shadow imp hits you.
You die...

........#######
........'.....#
##......##....#
........##....#
###...........####
....#####........#
..#####.#####........##
.......5.............>#
...##.#@######........#
# #.# #........## #.#
#.......... #.#
#.......... #.#
######+#... #.#
#....... #.# #.....##
#.# #.....# #.#
#####.##


You could see a shadow imp.

Vanquished Creatures
  4 gnolls
  An ooze (D:2)
  A leopard gecko (D:1)
  3 goblins
  3 hobgoblins (D:1)
  3 jackals (D:2)
  A kobold (D:1)
  6 bats
  5 rats
27 creatures vanquished.

Notes
Turn   | Place    | Note
-------+----------+-------------------------------------------
     0 | D:1      | tilp the Merfolk Ice Elementalist began the quest for the Orb.
     0 | D:1      | Reached XP level 1. HP: 13/13 MP: 3/3
   602 | D:1      | Reached XP level 2. HP: 19/19 MP: 3/5
   618 | D:1      | Learned a level 2 spell: Throw Frost
   695 | D:1      | Reached skill level 4 in Ice Magic
  1327 | D:2      | Reached XP level 3. HP: 23/24 MP: 0/6
  1387 | D:2      | Learned a level 3 spell: Ozocubu's Armour
  1763 | D:2      | Reached skill level 5 in Ice Magic
  2229 | D:2      | Reached XP level 4. HP: 20/30 MP: 3/7
  2467 | D:2      | Slain by a shadow imp

Vault maps used:
D:1:      elethiomel_arrival_quiet, minmay_cut_off
D:2:      first_ration, serial_bayou_lagoon_a

Skill      XL: |  1  2  3 |
---------------+----------+-----
Ice Magic      | 4 5 |  5.4
Dodging        | |  2.6
Stealth        | |  2.1
Spellcasting   | |  2.0
Conjurations   | |  0.7

Action                   |  1- 3 |  4- 6 || total
-------------------------+-------+-------++-------
Melee: Whip              |    79 |     7 ||    86
       Tailslap          |     9 |       ||     9
Throw: Stone             |     1 |       ||     1
 Cast: Freeze            |    29 |    13 ||    42
       Throw Frost       |     6 |       ||     6
       Ozocubu's Armour  |     1 |     1 ||     2
 Stab: Sleeping          |     2 |     1 ||     3
  Eat: Chunk             |     4 |       ||     4
       Ration            |       |     1 ||     1
Armor: Robe              |    14 |     4 ||    18
Dodge: Dodged            |    55 |     8 ||    63

Table legend:
 A = Spawn XP
 B = Non-spawn XP
 C = Spawn XP percentage of total XP
 D = Spawn monster count
 E = Non-spawn monster count
 F = Spawn count percentage of total count
 G = Total turns spent on level
                    A         B        C        D         E        F      G
               +---------+---------+-------+---------+---------+-------+---------
         Total |       0 |     100 |   0.0 |       0 |      27 |   0.0 |  2467
               +---------+---------+-------+---------+---------+-------+---------
           D:1 |       0 |      37 |   0.0 |       0 |      15 |   0.0 |  1614
           D:2 |       0 |      63 |   0.0 |       0 |      12 |   0.0 |   853
               +---------+---------+-------+---------+---------+-------+---------
